 Dungeon Crawl Stone Soup version 0.27.1-33-g824d729ab1 (webtiles) character file.

Game seed: 789744992001593927

1 zeram the Caller (level 1, 0/13 HPs)
             Began as a Gnoll Summoner on Dec 30, 2021.
             Slain by a hobgoblin (5 damage)
             ... on level 1 of the Dungeon.
             The game lasted 00:00:10 (22 turns).

zeram the Caller (Gnoll Summoner)                     Turns: 22, Time: 00:00:11

Health: 0/13       AC:  2    Str:  7    XL:     1   Next: 20%
Magic:  5/6        EV: 13    Int: 14    God:
Gold:   0          SH:  0    Dex: 12    Spells: 8/9 levels left

rFire    . . .     SeeInvis .   (no weapon)
rCold    . . .     Faith    .   (no shield)
rNeg     . . .     Spirit   .   a - +0 robe
rPois    .         Reflect  .   (no helmet)
rElec    .         Harm     .   (no cloak)
rCorr    .         Rampage  .   (no gloves)
Will     .....                  (no boots)
Stlth    ++........             (no amulet)
HPRegen  0.04/turn              (no ring)
MPRegen  0.10/turn              (no ring)

@: no status effects
A: fangs 1, strong nose, distributed training
a: no special abilities


You were on level 1 of the Dungeon.
You visited 1 branch of the dungeon, and saw 1 of its levels.

Inventory:

Armour
 a - a +0 robe (worn)


   Skills:
 + Level 0.0 Fighting
 + Level 0.0 Short Blades
 + Level 0.0 Long Blades
 + Level 0.0 Axes
 + Level 0.0 Maces & Flails
 + Level 0.0 Polearms
 + Level 0.0 Staves
 + Level 0.0 Slings
 + Level 0.0 Bows
 + Level 0.0 Crossbows
 + Level 0.0 Throwing
 + Level 0.0 Armour
 + Level 4.4 Dodging
 + Level 4.0 Stealth
 + Level 0.0 Shields
 + Level 0.0 Unarmed Combat
 + Level 4.8 Spellcasting
 + Level 0.0 Conjurations
 + Level 0.0 Hexes
 + Level 7.0 Summonings
 + Level 0.0 Necromancy
 + Level 0.0 Translocations
 + Level 0.0 Transmutations
 + Level 0.0 Fire Magic
 + Level 0.0 Ice Magic
 + Level 0.0 Air Magic
 + Level 0.0 Earth Magic
 + Level 0.0 Poison Magic
 + Level 0.0 Invocations
 + Level 0.0 Evocations


You had 8 spell levels left.
You knew the following spells:

 Your Spells              Type           Power      Damage    Failure   Level
a - Summon Small Mammal   Summ           92%        N/A       1%          1

Your spell library contained the following spells:

 Spells                   Type           Power      Damage    Failure   Level
 Call Imp                 Summ           23%        N/A       1%          2
 Call Canine Familiar     Summ           23%        N/A       3%          3
 Summon Guardian Golem    Hex/Summ       13%        N/A       13%         3
 Summon Lightning Spire   Summ/Air       13%        N/A       38%         4


Dungeon Overview and Level Annotations

Branches:
Dungeon (1/15)

Altars:


Innate Abilities, Weirdness & Mutations

You have very sharp teeth.
Your uncanny sense of smell can sniff out nearby items.
Your experience applies equally to all skills.


Message History

A rat comes into view.
Casting: Summon Small Mammal (safe; 1% risk of failure)
Confirm with . or Enter, or press ? or * to list all spells.
You hit the kobold.
The kobold is severely wounded.
Your bat hits the kobold but does no damage.
The kobold closely misses you.
A hobgoblin comes into view.
You hit the kobold.
You kill the kobold!
You closely miss the quokka.
Your bat barely misses the quokka.
The quokka bites you but does no damage.
You closely miss the quokka.
Your bat hits the quokka but does no damage.
Your bat closely misses the quokka.
The quokka bites you.
You barely miss the quokka.
Your bat closely misses the quokka.
The quokka bites you.
Your bat closely misses the quokka.
The quokka bites you.
Casting: Summon Small Mammal (safe; 1% risk of failure)
Confirm with . or Enter, or press ? or * to list all spells.
Your bat closely misses the quokka.
The rat bites you. The quokka bites you.
You are too injured to fight recklessly!
Your bat closely misses the quokka.
The quokka bites your bat.
Your bat dies!
Your bat's corpse disappears in a puff of smoke!
The rat bites your quokka.
Your quokka bites the quokka.
The quokka closely misses you. The rat bites your quokka.
Your quokka bites the quokka.
You hit the quokka.
You kill the quokka!
The rat bites your quokka but does no damage.
The hobgoblin misses you.
Unknown command.
You hit the hobgoblin but do no damage.
Your quokka closely misses the rat.
The rat barely misses your quokka. The hobgoblin barely misses you.
Your quokka closely misses the rat.
You hit the hobgoblin but do no damage.
You bite the hobgoblin, but do no damage.
The rat bites your quokka.
Your quokka barely misses the rat.
The hobgoblin hits you.
You die...

#+ #. ## #### ..
... # #....#.
..#.# .....#.
..#.#
.......#+#..♣
.......g@..♣
......)†r..###+##
.....#.r...#....#
...........'.8..#
.....#...#.'.8.<#
.....#...#.#....#
#... #...#.###'##
#.. #...#.. #≈#
#.# #..$... #≈#


You could see a hobgoblin, a rat (ally target) and a friendly quokka (summoned).

Vanquished Creatures
  A quokka (D:1)
  A kobold (D:1)
2 creatures vanquished.

Notes
Turn   | Place    | Note
-------+----------+-------------------------------------------
     0 | D:1      | zeram the Gnoll Summoner began the quest for the Orb.
     0 | D:1      | Reached XP level 1. HP: 13/13 MP: 6/6
    22 | D:1      | Slain by a hobgoblin

Illustrated notes

Levels and vault maps discovered:
D:1:      sevenhm_arrival_forest_fort_small_6, layout_basic,
          hellmonk_ecumenical_altar_leap_of_faith

Action                   || total
-------------------------++-------
Melee: Unarmed           ||     8
       Bite              ||     1
 Cast: Summon Small Mamm ||     2
Armor: Robe              ||     2
Dodge: Dodged            ||     5
